 Dungeon Crawl Stone Soup version 0.27-a0-1140-g099f9bb0e8 (console) character file.

Game seed: 1820861977161077210

265 cupofjoakim the Cudgeller (level 5, -1/70 HPs)
             Began as a Minotaur Berserker on May 9, 2021.
             Was a Believer of Trog.
             Slain by a gnoll
             ... wielding a +0 club
              (3 damage)
             ... on level 5 of the Dungeon.
             The game lasted 00:29:42 (2152 turns).

cupofjoakim the Cudgeller (Minotaur Berserker)      Turns: 2152, Time: 00:29:42

Health: -1/70      AC: 10    Str: 23    XL:     5   Next: 99%
Magic:  13/13      EV: 11    Int:  4    God:    Trog [**....]
Gold:   90         SH:  5    Dex: 15    Spells: 4/4 levels left

rFire    + . .     SeeInvis .   o - +2 short sword (venom)
rCold    . . .     Faith    .   (no shield)
rNeg     . . .     Spirit   .   s - +2 scale mail {rF+}
rPois    .         Reflect  +   (helmet restricted)
rElec    .         Harm     .   (no cloak)
rCorr    .         Rampage  .   (no gloves)
Will     .....                  r - +0 pair of boots
Stlth    ..........             l - amulet of reflection
HPRegen  0.21/turn              j - ring of magical power
MPRegen  0.13/turn              k - +6 ring of dexterity

@: mighty, berserking, very quick
A: horns 2, retaliatory headbutt
a: Renounce Religion, Berserk, Trog's Hand


You were on level 5 of the Dungeon.
You worshipped Trog.
Trog was pleased with you.
You visited 1 branch of the dungeon, and saw 5 of its levels.

You collected 90 gold pieces.

Inventory:

Hand Weapons
 a - a +1 mace
 c - a +0 hand crossbow
 i - a +0 vampiric dagger
 o - a +2 short sword of venom (weapon)
 p - a +0 short sword
Missiles
 d - 80 arrows
Armour
 b - a +0 animal skin
 m - a +0 ring mail
 q - a +0 leather armour
 r - a +0 pair of boots (worn)
 s - a +2 scale mail of fire resistance (worn)
Jewellery
 j - a ring of magical power (left hand)
 k - a +6 ring of dexterity (right hand)
 l - an amulet of reflection (around neck)
 u - a ring of wizardry
Scrolls
 f - a scroll of identify
 n - 2 scrolls of fear
 t - a scroll of amnesia {unknown}
 v - a scroll of teleportation {unknown}
 w - a scroll of enchant armour {unknown}
Potions
 e - a potion of attraction {unknown}
 h - a potion of brilliance {unknown}


   Skills:
 + Level 4.8 Fighting
 + Level 1.1 Short Blades
 + Level 6.0 Maces & Flails
 + Level 3.3 Armour
 + Level 3.1 Dodging
 + Level 1.0 Stealth
 + Level 0.4 Shields


You had 4 spell levels left.
You didn't know any spells.
Your spell library was empty.

Dungeon Overview and Level Annotations

Branches:
Dungeon (5/15)
 Temple: D:4-7

Altars:
Fedhas
Qazlal
Wu Jian
Xom
Yredelemnul


Innate Abilities, Weirdness & Mutations

You have a pair of horns on your head.
You reflexively headbutt those who attack you in melee.


Message History

You headbutt the gnoll. You block the gnoll sergeant's attack.
You block the ice beast's attack. The gnoll barely misses you.
You feel very mighty all of a sudden. The ice beast misses you.
The gnoll barely misses you.
A red film seems to cover your vision as you go berserk!
You feel yourself moving faster!
You feel mighty! The ice beast closely misses you. You furiously retaliate!
You headbutt the ice beast. The gnoll misses you. The gnoll closely misses you.
You barely miss the gnoll. You headbutt the gnoll.
The gnoll is severely wounded.
The gnoll hits you but does no damage. The ice beast barely misses you.
You block the gnoll sergeant's attack.
You closely miss the gnoll.
The gnoll is severely wounded.
The gnoll hits you from afar with a +0 halberd!
* * * LOW HITPOINT WARNING * * *
The gnoll barely misses you.
You puncture the gnoll!
You kill the gnoll!
Trog accepts your kill. You block the ice beast's attack.
The gnoll sergeant hits you but does no damage.
The gnoll hits you with a +0 club.
* * * LOW HITPOINT WARNING * * *
The gnoll barely misses you.
You puncture the scorpion!
The scorpion is poisoned.
Your headbutt misses the scorpion.
The scorpion is heavily wounded.
The ice beast barely misses you. You furiously retaliate!
You headbutt the ice beast!
The gnoll sergeant hits you from afar with a +0 trident!
* * * LOW HITPOINT WARNING * * *
The gnoll closely misses you.
You puncture the scorpion! You headbutt the scorpion.
You kill the scorpion!
Trog accepts your kill. The gnoll closely misses you.
The gnoll barely misses you. The gnoll sergeant misses you.
The ice beast hits you but does no damage.
Your Short Blades skill increases to level 1!
Your Maces & Flails skill increases to level 6!
Your Dodging skill increases to level 3!
Your Stealth skill increases to level 1!
You block the gnoll's attack. The gnoll hits you with a +0 club.
You die...

# . # .#. .## #.
..# #..##
#.###.# .....
##.....##.....
........<.....
#.....!..... .
#(..##.....
#.####....>.....
.......gg.....#.
......g@Y.....#
.....#..g.....#
..##.#.....$....
. .............
###.#.........
#.#.........
...........
##..........
....#....


You could see an ice beast, a gnoll sergeant and 3 gnolls.

Vanquished Creatures
  A phantom (D:4)
  A scorpion (D:5)
  An iguana (D:4)
  2 hound skeletons (D:4)
  A gnoll (D:5)
  A shadow imp (D:4)
  An adder skeleton (D:4)
  4 dart slugs (D:2)
  5 endoplasms
  2 giant cockroaches
  6 goblins
  5 hobgoblins
  3 jackals (D:2)
  3 quokkas
  5 ball pythons
  3 bats
  3 frilled lizards
  5 kobolds
  5 rats
57 creatures vanquished.

Vanquished Creatures (others)
  5 fungi (D:3)
  A plant (D:3)
6 creatures vanquished.

Grand Total: 63 creatures vanquished

Notes
Turn   | Place    | Note
-------+----------+-------------------------------------------
     0 | D:1      | cupofjoakim the Minotaur Berserker began the quest for the
                  | Orb.
     0 | D:1      | Reached XP level 1. HP: 19/19 MP: 0/0
   315 | D:1      | Reached XP level 2. HP: 15/27 MP: 1/1
   555 | D:1      | Reached skill level 4 in Maces & Flails
   854 | D:2      | Reached XP level 3. HP: 33/33 MP: 2/2
   865 | D:2      | Reached ** piety under Trog
  1622 | D:3      | Found a blossoming altar of Fedhas.
  1643 | D:3      | Found a stormy altar of Qazlal.
  1678 | D:3      | Found a basalt altar of Yredelemnul.
  1680 | D:3      | Found a shimmering altar of Xom.
  1680 | D:3      | Found a shimmering altar of Xom.
  1682 | D:3      | Found a hide-covered altar of Uskayaw.
  1682 | D:3      | Found a sparkling altar of Nemelex Xobeh.
  1682 | D:3      | Found a basalt altar of Yredelemnul.
  1751 | D:4      | Reached XP level 4. HP: 40/41 MP: 3/3
  1753 | D:4      | Reached skill level 5 in Maces & Flails
  1866 | D:4      | Noticed a phantom
  1877 | D:4      | Killed a phantom
  1878 | D:4      | Reached XP level 5. HP: 31/47 MP: 4/4
  1973 | D:4      | Found an ornate altar of the Wu Jian Council.
  2133 | D:5      | Entered Level 5 of the Dungeon
  2133 | D:5      | Noticed an ice beast
  2150 | D:5      | HP: 2/70 [gnoll sergeant/+0 trident (11)]
  2152 | D:5      | Reached skill level 1 in Short Blades
  2152 | D:5      | Reached skill level 6 in Maces & Flails
  2152 | D:5      | Reached skill level 1 in Stealth
  2152 | D:5      | Slain by a gnoll

Illustrated notes

Levels and vault maps discovered:
D:1:      matt_arrival_los_fun, layout_basic, hangedman_glass_teeth,
          grunt_decor_cap
D:2:      layout_loops_ring
D:3:      layout_loops_ring, grunt_temple_overflow_forces_of_nature,
          doesnt_xom_only_xom, cheibrodos_sewer_entry_drain,
          lexackson_kobold_supper, uniq_ijyb
D:4:      layout_gridville, nzn_wu_jian_council_hall, uniq_sigmund
D:5:      layout_rooms, minmay_checkerbox

Skill      XL: |  1  2  3  4  5 |
---------------+----------------+-----
Fighting       | 4 |  4.8
Maces & Flails | 4 5 6 |  6.0
Armour         | 3 |  3.3
Short Blades   | 1 |  1.1
Dodging        | 3 |  3.1
Stealth        | 1 |  1.0
Shields        | |  0.4

Action                   |  1- 3 |  4- 6 || total
-------------------------+-------+-------++-------
Melee: Mace              |    66 |       ||    66
       Headbutt          |    24 |    12 ||    36
       Short sword       |    26 |    30 ||    56
Invok: Berserk           |       |     2 ||     2
       Trog's Hand       |       |     1 ||     1
  Use: Scroll            |     5 |       ||     5
       Potion            |       |     1 ||     1
 Stab: Sleeping          |     2 |       ||     2
Armor: Animal skin       |     7 |       ||     7
       Scale mail        |    13 |    13 ||    26
       Ring mail         |     2 |       ||     2
Dodge: Dodged            |    42 |    22 ||    64
Block: Other             |     4 |    13 ||    17

Table legend: (Time is in decaauts)
 A = Elapsed time spent in this place.
 B = Non-inter-level travel time spent in this place.
 C = Inter-level travel time spent in this place.
 D = Time resting spent in this place.
 E = Time spent auto-exploring this place.
 F = Levels seen in this place.
 G = Mean time per level.
                   A        B        C        D        E       F      G
               +--------+--------+--------+--------+--------+-----+--------+
         Total |   2170 |   2170 |      0 |    100 |    410 |   5 |  434.0 |
       Dungeon |   2170 |   2170 |      0 |    100 |    410 |   5 |  434.0 |
               +--------+--------+--------+--------+--------+-----+--------+

Top non-repeatable levels by time:
     D:2: 957 daAuts
     D:1: 636 daAuts
     D:4: 406 daAuts
     D:3: 152 daAuts
     D:5: 17 daAuts
